 Dungeon Crawl Stone Soup version 0.29-a0-472-ge5599a681e (webtiles) character file.

Game seed: 17559288586578444132

106 porpoise the Shooter (level 4, -5/26 HPs)
             Began as a Tengu Hunter on May 23, 2022.
             Slain by a lemure (7 damage)
             ... led by Pikel
             ... on level 4 of the Dungeon.
             The game lasted 00:09:33 (2573 turns).

porpoise the Shooter (Tengu Hunter)                 Turns: 2573, Time: 00:09:33

Health: -5/26      AC:  6    Str: 11    XL:     4   Next: 84%
Magic:  5/5        EV: 15    Int: 10    God:
Gold:   147        SH:  0    Dex: 19    Spells: 3/3 levels left

rFire   . . .      SeeInvis .   b - +1 dagger (drain)
rCold   . . .      Faith    .   (no shield)
rNeg    . . .      Spirit   .   d - +0 ring mail
rPois   .          Reflect  .   (helmet restricted)
rElec   .          Harm     .   h - +0 cloak
rCorr   .          Rampage  .   (no gloves)
Will    .....                   (boots unavailable)
Stlth   ++........              (no amulet)
HPRegen 0.08/turn               q - +4 ring of evasion
MPRegen 0.09/turn               (no ring)

@: no status effects
A: beak, talons 3
a: no special abilities


You were on level 4 of the Dungeon.
You visited 1 branch of the dungeon, and saw 4 of its levels.

You collected 147 gold pieces.

Inventory:

Hand Weapons
 a - a +1 shortbow of flaming
 b - a +1 dagger of draining (weapon)
 p - a +0 dagger of speed
Missiles
 j - 2 boomerangs
Armour
 d - a +0 ring mail (worn)
 h - a +0 cloak (worn)
Jewellery
 q - a +4 ring of evasion (left hand)
Wands
 g - a wand of flame (27)
Scrolls
 c - a scroll of immolation
 m - a scroll of fear
 o - a scroll of brand weapon
 s - a scroll of enchant weapon {unknown}
 t - a scroll of amnesia {unknown}
Potions
 e - a potion of lignification
 f - 2 potions of curing
 k - 5 potions of flight
 l - 2 potions of mutation
 n - a potion of attraction
 r - a potion of berserk rage {unknown}
 u - a potion of might {unknown}


   Skills:
 - Level 2.2 Fighting
 * Level 5.9 Bows
 - Level 2.1 Dodging
 + Level 2.7 Stealth


You had 3 spell levels left.
You didn't know any spells.
Your spell library contained the following spells:

 Spells                   Type           Power      Damage    Failure   Level
 Poisonous Vapours        Pois/Air       0%         N/A       80%         2
 Ozocubu's Armour         Ice            0%         N/A       95%         3
 Corpse Rot               Necr/Pois/Air  0%         N/A       100%        4
 Ozocubu's Refrigeration  Ice            0%         4d5       100%        7


Dungeon Overview and Level Annotations

Branches:
Dungeon (4/15)
 Temple: D:4-7

Altars:
Zin

Shops:
D:2 (   D:3 *

Annotations:
D:4 Grinder, Pikel


Innate Abilities, Weirdness & Mutations

You have a beak for a mouth.
You have claws for feet.


Message History

* * * LOW HITPOINT WARNING * * *
Pikel freezes you.
* * * LOW HITPOINT WARNING * * *
The adder barely misses you. The quokka closely misses you.
You feel better. The adder bites you but does no damage.
The lemure completely misses you. The lemure hits you.
* * * LOW HITPOINT WARNING * * *
The quokka bites you but does no damage.
Pikel hits you with a +1 whip of freezing.
* * * LOW HITPOINT WARNING * * *
Pikel freezes you.
* * * LOW HITPOINT WARNING * * *
You feel better. The ball python closely misses you.
The ball python barely misses you. The adder barely misses you.
The quokka completely misses you.
Grinder blinks!
The lemure hits you but does no damage. The lemure completely misses you.
Pikel barely misses you.
Unknown command.
You hit Pikel but do no damage. You peck Pikel, but do no damage.
Pikel is heavily wounded.
The ball python barely misses you. The ball python completely misses you.
The adder misses you. The quokka closely misses you.
The lemure barely misses you. The lemure closely misses you.
Pikel hits you with a +1 whip of freezing.
* * * LOW HITPOINT WARNING * * *
Pikel freezes you.
* * * LOW HITPOINT WARNING * * *
The ball python misses you. The ball python closely misses you.
The adder bites you but does no damage.
You closely miss Pikel.
Pikel is heavily wounded.
The quokka closely misses you. The adder barely misses you.
The ball python bites you but does no damage.
The ball python closely misses you.
Pikel hits you with a +1 whip of freezing.
* * * LOW HITPOINT WARNING * * *
Pikel freezes you.
* * * LOW HITPOINT WARNING * * *
The lemure hits you!
You die...

........####..##
.........#...##
...........###
.........#...##
.........#....##
...............#+
.....<..........##
...............S.##
...............5@5#
...............SKr#
...........55g.
..>.#.........##
....##......... ..
#..<.......
#...5.....[.
...#.........


You could see Pikel (very drained), Grinder, 4 lemures, an adder, a quokka, a
goblin and a ball python.

Vanquished Creatures
  A gnoll (D:3)
  An adder (D:2)
  2 worms
  A dart slug (D:2)
  An orc (D:3)
  6 ball pythons
  10 endoplasms
  5 giant cockroaches
  11 goblins
  7 hobgoblins
  7 kobolds
  3 quokkas
  5 bats
  3 frilled lizards
  6 rats
69 creatures vanquished.

Notes
Turn   | Place    | Note
-------+----------+-------------------------------------------
     0 | D:1      | porpoise the Tengu Hunter began the quest for the Orb.
     0 | D:1      | Reached XP level 1. HP: 12/12 MP: 2/2
   167 | D:1      | Reached XP level 2. HP: 17/17 MP: 3/3
   670 | D:1      | Reached skill level 5 in Bows
   670 | D:1      | Reached XP level 3. HP: 21/21 MP: 4/4
   926 | D:2      | Found Hujylurch's Weapon Emporium.
  1250 | D:2      | Reached XP level 4. HP: 26/26 MP: 5/5
  1525 | D:3      | Found Zin's Purification Station.
  1528 | D:3      | Found a glowing silver altar of Zin.
  2549 | D:4      | Noticed a lemure
  2549 | D:4      | Noticed Pikel
  2550 | D:4      | Noticed a lemure
  2552 | D:4      | Noticed a lemure
  2553 | D:4      | Noticed a lemure
  2555 | D:4      | Noticed Grinder
  2566 | D:4      | HP: 1/26 [lemure[Pikel] (3)]
  2573 | D:4      | Slain by a lemure

Illustrated notes

Levels and vault maps discovered:
D:1:      amcnicky_arrival_gap_in_the_tavern_cellar, layout_loops_cross,
          minmay_misc_feat_columns, minmay_pentomino_u2
D:2:      layout_rooms, serial_shops, shop, minmay_pentomino_pile
D:3:      layout_loops_ring, zin_purify, serial_park_tiny_2,
          minmay_misc_feat_diagonals, minmay_cupped
D:4:      layout_cave_pools, tso_metal_star, uniq_grinder, uniq_menkaure,
          uniq_natasha, uniq_pikel

Skill      XL: |  1  2  3 |
---------------+----------+-----
Bows           | 5 |  5.9
Stealth        | 2 |  2.7
Fighting       | |  2.2
Dodging        | |  2.1

Action                   |  1- 3 |  4- 6 || total
-------------------------+-------+-------++-------
Melee: Dagger            |    11 |    11 ||    22
       Peck              |     2 |     4 ||     6
       Kick              |     2 |     2 ||     4
 Fire: Shortbow          |    82 |    63 ||   145
  Use: Scroll            |       |     8 ||     8
       Potion            |       |     4 ||     4
Armor: Ring mail         |     8 |    17 ||    25
Dodge: Dodged            |    11 |    59 ||    70

Table legend: (Time is in decaauts)
 A = Elapsed time spent in this place.
 B = Non-inter-level travel time spent in this place.
 C = Inter-level travel time spent in this place.
 D = Time resting spent in this place.
 E = Time spent auto-exploring this place.
 F = Levels seen in this place.
 G = Mean time per level.
                   A        B        C        D        E       F      G
               +--------+--------+--------+--------+--------+-----+--------+
         Total |   2619 |   2546 |     73 |    637 |   1518 |   4 |  654.8 |
       Dungeon |   2619 |   2546 |     73 |    637 |   1518 |   4 |  654.8 |
               +--------+--------+--------+--------+--------+-----+--------+

Top non-repeatable levels by time:
     D:3: 1030 daAuts
     D:1: 825 daAuts
     D:2: 691 daAuts
     D:4: 71 daAuts
